 Dungeon Sprint DCSS version 0.18-a0-211-gcfb53b4 (webtiles) character file.

73 Kidiri the Sneak (level 4, -3/33 HPs)
             Began as a Spriggan Enchanter on Nov 24, 2015.
             Drowned by a water elemental (5 damage)
             ... in the Dungeon (Sprint III: "The Ten Rune Challenge").
             The game lasted 00:01:46 (294 turns).

Kidiri the Sneak (Spriggan Enchanter)                Turns: 294, Time: 00:01:46

Health: -3/33      AC:  3    Str:  9    XL:     4   Next: 8%
Magic:  5/11       EV: 21    Int: 16    God:
Gold:   15         SH:  0    Dex: 17    Spells: 5 memorised, 0 levels left

rFire  . . .     SeeInvis +     a - +1 dagger
rCold  . . .     Clarity  .     b - +1 robe
rNeg   . . .     SustAt   .     (shield restricted)
rPois  .         Gourm    .     (helmet restricted)
rElec  .         Spirit   .     (no cloak)
rCorr  .         Warding  .     (gloves unavailable)
rMut   .         NoTele   +     (boots unavailable)
MR     .....                    (no amulet)
Stlth  ..........               (no ring)
                                (no ring)

@: berserking, engulfed (cannot breathe), very quick, not resistant to hostile
enchantments, extremely unstealthy
A: unfitting armour, see invisible, herbivore 3, speed 3, slow metabolism 2
a: no special abilities


You were in the Dungeon.
You were not hungry.

You visited 1 branch You collected 15 gold pieces.

Inventory:

Hand Weapons
 a - a +1 dagger (weapon)
Armour
 b - a +1 robe (worn)
Wands
 k - a wand of magic darts (21)
Scrolls
 j - a scroll of blinking
 m - 2 scrolls of immolation
 o - 3 scrolls of remove curse
Potions
 e - a potion of curing
 f - a potion of heal wounds
 g - a potion of haste
 h - 2 potions of magic
 q - a potion of ambrosia
 r - 3 potions of flight
Books
 c - a book of Maledictions

   Spells                             Type                      Level
   a - Corona                         Hexes                        1
   b - Ensorcelled Hibernation        Hexes/Ice                    2
   c - Confuse                        Hexes                        3
   d - Tukima's Dance                 Hexes                        3
   e - Dazzling Spray                 Conjuration/Hexes            3
Comestibles
 d - a bread ration
 p - 2 royal jellies


   Skills:
 + Level 1.5 Fighting
 * Level 3.6 Short Blades
 + Level 1.2 Armour
 * Level 5.7 Dodging
 * Level 6.7 Stealth
 * Level 4.9 Spellcasting
 + Level 0.5 Conjurations
 + Level 4.4 Hexes
 + Level 0.5 Ice Magic


You couldn't memorise any spells.
You knew the following spells:

 Your Spells              Type           Power        Failure   Level  Hunger
a - Corona                Hex            ###....      2%          1    None
b - Ensorcelled Hibernat  Hex/Ice        ##....       10%         2    ##.....
c - Confuse               Hex            ###.....     10%         3    ###....
d - Tukima's Dance        Hex            ###.....     10%         3    ###....
e - Dazzling Spray        Conj/Hex       ##......     17%         3    ###....


Dungeon Overview and Level Annotations

Branches:
Dungeon (1/1)

Altars:


Innate Abilities, Weirdness & Mutations

You are tiny and cannot use many weapons and most armour.
You have supernaturally acute eyesight.
You are a herbivore.
You cover ground extremely quickly.
You need consume almost no food.


Message History

The water elemental closely misses you.
You barely miss the water elemental.
The water elemental is moderately damaged.
The water elemental hits you!!
Ouch! That really hurt!
The water elemental engulfs you in water!
You puncture the water elemental!
The water elemental is almost destroyed.
* * * LOW HITPOINT WARNING * * *
Your lungs strain for air!
The water elemental hits you.
* * * LOW HITPOINT WARNING * * *
You hit the water elemental.
The water elemental is almost destroyed.
* * * LOW HITPOINT WARNING * * *
Your lungs strain for air!
The water elemental completely misses you.
You hit the water elemental but do no damage.
The water elemental is almost destroyed.
You die...

▓<.#..+.....♣ ♣.#
▓..#..#.....♣♣ ♣.#
▓#'####....♣.♣ ♣♣.#
▓.....#....≈.♣♣♣..###+#+#
▓%....#...≈≈...♣♣.#......
▓....)#..≈≈≈≈..♣♣.'.⌠....
▓####'#..≈≈≈≈≈≈♣..#...###
▓)....#.≈≈≈≈≈≈....# ⌠.#
▓.).%.#.≈≈≈≈≈.@E..# .#
▓.....#.≈≈≈.......# #
▓'#####...........#
▓....%............#
▓▓▓▓▓▓▓▓▓▓▓▓▓▓▓▓▓▓▓


You could see a water elemental.

Vanquished Creatures
  Jessica (D)
  A wolf (D)
  A human (D)
  An ooze (D)
  2 rats (D)
6 creatures vanquished.

Vanquished Creatures (others)
  A draconian scorcher (D)
  A yaktaur (D)
2 creatures vanquished.

Grand Total: 8 creatures vanquished

Notes
Turn   | Place    | Note
--------------------------------------------------------------
     0 | D        | Kidiri the Spriggan Enchanter began the quest for the Orb.
     0 | D        | Reached XP level 1. HP: 9/9 MP: 5/5
     7 | D        | Reached skill level 5 in Stealth
    68 | D        | Noticed Jessica
    73 | D        | Killed Jessica
    73 | D        | Reached skill level 1 in Fighting
    73 | D        | Reached skill level 6 in Stealth
    73 | D        | Reached XP level 2. HP: 12/14 MP: 6/8
    73 | D        | Reached XP level 3. HP: 15/18 MP: 6/9
    77 | D        | Learned a level 2 spell: Ensorcelled Hibernation
    81 | D        | Learned a level 3 spell: Confuse
    85 | D        | Learned a level 3 spell: Dazzling Spray
   131 | D        | Killed a yaktaur
   141 | D        | Reached skill level 1 in Armour
   141 | D        | Reached skill level 5 in Dodging
   150 | D        | Reached XP level 4. HP: 22/22 MP: 1/11
   158 | D        | Learned a level 3 spell: Tukima's Dance
   233 | D        | Killed a white draconian scorcher
   262 | D        | Gained mutation: You expend magic power (3 MP) to strengthen your wands. [potion of mutation]
   262 | D        | Lost mutation: You expend magic power (3 MP) to strengthen your wands. [potion of mutation]
   262 | D        | Gained mutation: Your body sometimes deteriorates upon taking damage. [potion of mutation]
   263 | D        | Gained mutation: You are partially covered in yellow scales (AC +2). [potion of mutation]
   263 | D        | Gained mutation: Potions and wands are less effective at restoring your health. [potion of mutation]
   264 | D        | Lost mutation: Your body sometimes deteriorates upon taking damage. [potion of cure mutation]
   264 | D        | Lost mutation: You are partially covered in yellow scales (AC +2). [potion of cure mutation]
   264 | D        | Lost mutation: Potions and wands are less effective at restoring your health. [potion of cure mutation]
   294 | D        | Drowned by a water elemental

Vault maps used:
D:        dungeon_sprint_mu

Action                   |  1- 3 |  4- 6 || total
-------------------------+-------+-------++-------
Melee: Dagger            |     7 |     4 ||    11
 Cast: Ensorcelled Hiber |     3 |       ||     3
       Dazzling Spray    |       |     2 ||     2
  Use: Potion            |       |     4 ||     4
       Scroll            |       |     3 ||     3
 Stab: Sleeping          |     6 |       ||     6
